 Dungeon Crawl Stone Soup version 0.16.2-3-ga078185 (webtiles) character file.

39 gorblad the Ducker (level 3, -1/24 HPs)
             Began as a Merfolk Fire Elementalist on Sept 8, 2015.
             Slain by an adder (2 damage)
             ... on level 2 of the Dungeon.
             The game lasted 00:08:33 (1856 turns).

gorblad the Ducker (Merfolk Fire Elementalist)      Turns: 1856, Time: 00:08:33

Health: -1/24      AC:  3    Str:  8    XL:     3   Next: 45%
Magic:  1/6        EV: 13    Int: 20    God:
Gold:   50         SH:  0    Dex: 14    Spells: 2 memorised, 3 levels left

rFire  . . .     SeeInvis +     (no weapon)
rCold  . . .     Clarity  .     a - +0 robe
rNeg   . . .     SustAb   .     (no shield)
rPois  .         Gourm    .     (no helmet)
rElec  .         Spirit   .     l - +0 cloak
rCorr  .         Warding  .     (no gloves)
rMut   .         Stasis   .     (no boots)
MR     .....                    (no amulet)
Stlth  ++........               (no ring)
                                i - ring of see invisible

@: brilliant, lethally poisoned (-1 -> -7), not resistant to hostile
enchantments, unstealthy
A: change form in water, swift swim
a: no special abilities


You were on level 2 of the Dungeon.
You were not hungry.

You visited 1 branch of the dungeon, and saw 2 of its levels.

You collected 50 gold pieces.

Inventory:

Missiles
 m - 7 tomahawks (quivered)
Armour
 a - a +0 robe (worn)
 l - a +0 cloak (worn)
Jewellery
 g - an uncursed ring of magical power {unknown}
 i - a ring of see invisible (left hand)
Scrolls
 d - a scroll of fog
 f - 2 scrolls of teleportation
 j - a scroll of identify
 k - a scroll of magic mapping
Potions
 e - a potion of agility {unknown}
Books
 b - a book of Flames

   Spells                             Type                      Level
   a - Flame Tongue                   Conjuration/Fire             1
   b - Throw Flame                    Conjuration/Fire             2
   c - Conjure Flame                  Conjuration/Fire             3
   d - Inner Flame                    Hexes/Fire                   3
   e - Sticky Flame                   Conjuration/Fire             4
   f - Fireball                       Conjuration/Fire             5
Comestibles
 h - a beef jerky
 n - 4 fruits


   Skills:
 + Level 3.5 Dodging
 + Level 2.2 Stealth
 + Level 0.2 Unarmed Combat
 + Level 2.2 Spellcasting
 + Level 1.0 Conjurations
 + Level 2.6 Fire Magic


You had 3 spell levels left.
You knew the following spells:

 Your Spells              Type           Power        Failure   Level  Hunger
a - Flame Tongue          Conj/Fire      ###..        1%          1    #......
b - Throw Flame           Conj/Fire      ###...       1%          2    ##.....


Dungeon Overview and Level Annotations

Branches:
Dungeon (2/15)

Altars:


Message History

Aiming: Flame Tongue
Press: ? - help, Shift-Dir - straight line, f/p - adder
Aim: an adder (heavily wounded)
The flame tongue misses the adder.
The adder bites you but does no damage.
Casting: Flame Tongue
Confirm with . or Enter, or press ? or * to list all spells.
You don't have enough magic to cast that spell.
* * * LOW HITPOINT WARNING * * *
You feel sick. The adder barely misses you.
* * * LOW HITPOINT WARNING * * *
You feel sick. The adder bites you.
* * * LOW HITPOINT WARNING * * *
* * * LOW HITPOINT WARNING * * *
You feel sick.
Your magical contamination has completely faded away.
It was a potion of brilliance.
You feel clever all of a sudden. The adder bites you.
You die...

...##....##...# ###.......
#..#.#..#....###.........
#........##..#.....#....
####.......####.....#......
##...........# ##...##......
#.......####.###...###.#....
#......## #................
#......#####................
#.....##...@S##.#...........
#.).....................##
###.........##..#.######.##
.........##.....#.######.#
..#.......................
##...#...#.............
#####.######.#......#.
##...# ..######.# #.†###
.### .


You could see an adder.

Vanquished Creatures
  A ball python (D:1)
  4 bats (D:1)
  3 giant cockroaches (D:1)
  3 hobgoblins
  2 giant geckos (D:1)
  2 giant newts (D:1)
  5 goblins (D:1)
  10 kobolds
  6 rats
36 creatures vanquished.

Notes
Turn   | Place    | Note
--------------------------------------------------------------
     0 | D:1      | gorblad, the Merfolk Fire Elementalist, began the quest for the Orb.
     0 | D:1      | Reached XP level 1. HP: 13/13 MP: 3/3
   178 | D:1      | Reached XP level 2. HP: 4/19 MP: 0/4
   494 | D:1      | Reached skill level 3 in Dodging
   756 | D:1      | Learned a level 2 spell: Throw Flame
  1023 | D:1      | Reached skill level 1 in Conjurations
  1060 | D:1      | Reached XP level 3. HP: 22/24 MP: 1/6
  1855 | D:2      | HP: 1/24 [poisoned by an adder]
  1856 | D:2      | Slain by an adder

Action                   || total
-------------------------++-------
Melee: Unarmed           ||    46
 Cast: Flame Tongue      ||    28
       Throw Flame       ||    23
  Use: Scroll            ||     5
       Potion            ||     1
  Eat: Bread ration      ||     1
       Chunk             ||     1
